 Dungeon Crawl Stone Soup version 0.31-a0-246-g8cbcc1cb85 (webtiles) character file.

Game seed: 7903413494313697364

249 qw the Shooter (level 6, -1/37 HPs)
             Began as a Gargoyle Hexslinger on July 12, 2023.
             Slain by Terence
             ... wielding a +0 flail
              (3 damage)
             ... on level 2 of the Dungeon.
             The game lasted 00:00:39 (1500 turns).

qw the Shooter (Gargoyle Hexslinger)                Turns: 1500, Time: 00:00:40

Health: -1/37      AC:  6    Str: 12    XL:     6   Next: 12%
Magic:  7/7        EV: 12    Int: 13    God:
Gold:   102        SH:  0    Dex: 14    Spells: 6/7 levels left

rFire   . . .        Y - +1 sling
rCold   . . .        (no shield)
rNeg    + . .        c - +0 robe
rPois   inf          (no helmet)
rElec   +            (no cloak)
rCorr   .            (no gloves)
SInv    .            (no boots)
Will    .....        (no amulet)
Stlth   +            (no ring)
HPRegen 0.26/turn    (no ring)
MPRegen 0.10/turn

%: no passive effects
@: no status effects
A: sickness immunity, AC +4, negative energy resistance 1, electricity
resistance, torment resistance 1, petrification resistance
a: no special abilities


You were on level 2 of the Dungeon.
You visited 1 branch of the dungeon, and saw 2 of its levels.

You collected 102 gold pieces.


Innate Abilities, Weirdness & Mutations

You are immune to sickness and miasma.
Your stone body is resilient. (AC +4)
You are immune to poison.
You resist negative energy. (rN+)
You are resistant to electric shocks. (rElec)
You are resistant to unholy torment.
You are immune to petrification.


   Skills:
 - Level 3.1 Fighting
 + Level 5.5 Ranged Weapons
 - Level 1.5 Dodging
 - Level 1.0 Spellcasting
 - Level 2.6 Hexes


You had 6 spell levels left.
You knew the following spells:

 Your Spells              Type           Power      Damage    Failure   Level
a - Slow                  Hex            28%        N/A       10%         1

Your spell library contained the following spells:

 Spells                   Type           Power      Damage    Failure   Level
 Inner Flame              Hex/Fire       4%         N/A       43%         3
 Portal Projectile        Hex/Tloc       8%         N/A       43%         3
 Cause Fear               Hex            3%         N/A       67%         4

Inventory:

Hand Weapons
 Y - a +1 sling (weapon)
Armour
 b - a +0 ring mail
 c - a +0 robe (worn)
Jewellery
 e - a ring of protection from cold
Scrolls
 h - a scroll of fear {unknown}
 i - a scroll of vulnerability {unknown}
Potions
 a - a potion of haste {unknown}
 d - 2 potions of lignification {unknown}
 f - 2 potions of mutation {unknown}
 g - 2 potions of enlightenment
 j - a potion of degeneration {unknown}

Dungeon Overview and Level Annotations

Branches:
Dungeon (2/15)

Altars:

Annotations:
D:2 Terence


Message History

The sling bullet hits Terence but does no damage.
Terence is heavily wounded.
Terence hits you with a +0 flail.
You shoot a sling bullet.
The sling bullet hits Terence but does no damage.
Terence is heavily wounded.
Terence barely misses you.
You shoot a sling bullet. The sling bullet barely misses Terence.
Terence closely misses you.
You shoot a sling bullet.
The sling bullet closely misses Terence.
Terence misses you.
You shoot a sling bullet. The sling bullet hits Terence.
Terence is heavily wounded.
Terence closely misses you. Terence barely misses you.
You shoot a sling bullet. The sling bullet hits Terence.
Terence is heavily wounded.
Terence completely misses you.
You shoot a sling bullet.
The sling bullet hits Terence but does no damage.
Terence is heavily wounded.
Terence barely misses you.
You shoot a sling bullet.
The sling bullet hits Terence but does no damage.
Terence is heavily wounded.
Terence barely misses you.
You shoot a sling bullet. The sling bullet barely misses Terence.
Terence shouts, "Get ready for death!"
Terence barely misses you.
You shoot a sling bullet.
The sling bullet hits Terence but does no damage.
Terence is heavily wounded.
Terence hits you with a +0 flail.
You shoot a sling bullet. The sling bullet hits Terence.
Terence is severely wounded.
Terence hits you with a +0 flail.
You shoot a sling bullet.
The sling bullet closely misses Terence.
Terence hits you with a +0 flail.
You die...

#........##.#.#####
#.........#...##### #
#.........###....## ..
###.#.....###.##.## ...
#.#.....#.......# ....
##.......#.......# #...
#.......##.......#
#....#.......#..#'###..
#....@@.)...##..#.# ##.
#....#......#...#.# ##
#....#.....##...#.#
#### #.....######.#
#.....# #.# #..%.##
#.##### ###### #......
#######


You could see Terence.

Vanquished Creatures
  Sigmund (D:2)
  Jessica (D:2)
  2 adders (D:2)
  2 worms (D:2)
  A dart slug (D:2)
  2 bats (D:1)
  An endoplasm (D:2)
  2 giant cockroaches (D:1)
  4 goblins
  A hobgoblin (D:1)
  2 quokkas (D:1)
  3 ball pythons
  2 frilled lizards
  5 kobolds (D:1)
  6 rats
35 creatures vanquished.

Notes
Turn   | Place    | Note
-------+----------+-------------------------------------------
     0 | D:1      | qw the Gargoyle Hexslinger began the quest for the Orb.
     0 | D:1      | Reached XP level 1. HP: 12/12 MP: 2/2
     0 | D:1      | 0 ||| qw: Version: 0.3-a-52-g30416fa
     0 | D:1      | 0 ||| qw: Game counter: 6224
     0 | D:1      | 0 ||| qw: Melee chars always use a shield: true
     0 | D:1      | 0 ||| qw: God list: Okawaru
     0 | D:1      | 0 ||| qw: Allow faded altars: false
     0 | D:1      | 0 ||| qw: Do Orc after clearing Dungeon:15 true
     0 | D:1      | 0 ||| qw: Do second Lair branch before Depths: true
     0 | D:1      | 0 ||| qw: Lair rune preference: random
     0 | D:1      | 0 ||| qw: Goals: Normal
     0 | D:1      | 0 ||| PLANNING D:1-11
   194 | D:1      | Reached XP level 2. HP: 16/16 MP: 3/3
   364 | D:1      | Reached skill level 3 in Ranged Weapons
   630 | D:1      | 630 ||| READING scroll labelled CISU VIGEFFIFE.
   631 | D:1      | 631 ||| READING scroll labelled TEDOZO QONWIVO.
   632 | D:1      | 632 ||| DRINKING 2 fuming white potions.
   636 | D:1      | 636 ||| DRINKING 2 red potions.
   637 | D:1      | 637 ||| DROPPING scroll of poison.
   638 | D:1      | 638 ||| DROPPING potion of ambrosia.
   783 | D:2      | Reached XP level 3. HP: 21/21 MP: 4/4
   831 | D:2      | Noticed Sigmund
   841 | D:2      | Killed Sigmund
   842 | D:2      | Reached skill level 5 in Ranged Weapons
   842 | D:2      | Reached XP level 4. HP: 10/26 MP: 5/5
   842 | D:2      | Reached XP level 5. HP: 12/30 MP: 6/6
   844 | D:2      | 844 ||| FLEEEEING.
  1181 | D:2      | Found a faded altar of an unknown god.
  1228 | D:2      | Noticed Jessica
  1235 | D:2      | Killed Jessica
  1236 | D:2      | Reached skill level 3 in Fighting
  1236 | D:2      | Reached XP level 6. HP: 37/37 MP: 7/7
  1453 | D:2      | Noticed Terence
  1477 | D:2      | HP: 9/37 [Terence/+0 flail (8)]
  1483 | D:2      | HP: 7/37 [Terence/+0 flail (2)]
  1484 | D:2      | HP: 3/37 [Terence/+0 flail (4)]
  1489 | D:2      | HP: 4/37 [Terence/+0 flail (1)]
  1498 | D:2      | HP: 3/37 [Terence/+0 flail (3)]
  1500 | D:2      | Slain by Terence

Levels and vault maps discovered:
D:1:      dpeg_arrival_orchard, layout_loops_cross
D:2:      layout_basic, hellmonk_ecumenical_altar_zigzags, uniq_jessica,
          uniq_sigmund, uniq_terence

Skill      XL: |  1  2  3  4  5 |
---------------+----------------+-----
Ranged Weapons | 3 5 |  5.5
Fighting       | 2 3 |  3.1
Dodging        | |  1.5
Spellcasting   | |  1.0
Hexes          | |  2.6

Action                     |  1- 3 |  4- 6 || total
---------------------------+-------+-------++-------
   Fire: Sling             |    82 |   103 ||   185
    Use: Scroll            |     2 |       ||     2
         Potion            |     2 |       ||     2
 Armour: Robe              |    12 |    11 ||    23
  Dodge: Dodged            |    19 |    49 ||    68

Table legend:
 A = Non-vault XP
 B = Vault XP
 C = Vault XP percentage of total XP
 D = Non-vault monster count
 E = Vault monster count
 F = Vault count percentage of total count
                 A         B        C        D         E       F
            +---------+---------+-------+---------+---------+-------
      Total |      81 |     276 |  77.3 |      33 |       2 |   5.7
            +---------+---------+-------+---------+---------+-------
        D:1 |      31 |       0 |   0.0 |      21 |       0 |   0.0
        D:2 |      50 |     276 |  84.7 |      12 |       2 |  14.3
            +---------+---------+-------+---------+---------+-------
